 Dungeon Crawl Stone Soup version 0.29-a0-275-g389c0b56f3 (webtiles) character file.

Game seed: 9073339808345661489

63 PaleWalker the Ruffian (level 4, -8/40 HPs)
             Began as a Ghoul Monk on Mar 9, 2022.
             Killed from afar by an orc wizard (11 damage)
             ... with a magic dart
             ... on level 2 of the Dungeon.
             The game lasted 00:03:25 (1502 turns).

PaleWalker the Ruffian (Ghoul Monk)                 Turns: 1502, Time: 00:03:26

Health: -8/40      AC:  5    Str: 16    XL:     4   Next: 9%
Magic:  3/3        EV: 11    Int:  5    God:
Gold:   126        SH:  0    Dex: 11    Spells: 3/3 levels left

rFire   . . .      SeeInvis .     - Unarmed
rCold   + . .      Faith    .   (no shield)
rNeg    + + +      Spirit   .   i - +0 ring mail
rPois   ∞          Reflect  .   (no helmet)
rElec   .          Harm     .   (no cloak)
rCorr   .          Rampage  .   (no gloves)
Will    .....                   (no boots)
Stlth   +.........              (no amulet)
HPRegen 0.00/turn               (no ring)
MPRegen 0.08/turn               (no ring)

@: inhibited regen
A: claws 1, cold resistance 1, negative energy resistance 3, inhibited
regeneration, torment resistance 2
a: no special abilities


You were on level 2 of the Dungeon.
You visited 1 branch of the dungeon, and saw 2 of its levels.

You collected 126 gold pieces.

Inventory:

Armour
 a - a +0 robe
 g - a +0 kite shield
 i - a +0 ring mail (worn)
Scrolls
 c - 4 scrolls of identify {unknown}
 e - a scroll of enchant armour {unknown}
Potions
 b - 3 potions of ambrosia
 d - a potion of might {unknown}
 f - a potion of heal wounds {unknown}
 h - a potion of degeneration {unknown}


   Skills:
 + Level 4.0 Fighting
 - Level 2.6 Dodging
 - Level 2.1 Stealth
 * Level 4.8 Unarmed Combat


You had 3 spell levels left.
You didn't know any spells.
Your spell library contained the following spells:

 Spells                   Type           Power      Damage    Failure   Level
 Animate Skeleton         Necr           0%         N/A       71%         1
 Pain                     Necr           0%         1d4       71%         1
 Ensorcelled Hibernation  Hex/Ice        0%         N/A       83%         2
 Gell's Gravitas          Tloc           0%         N/A       97%         3
 Teleport Other           Tloc           0%         N/A       97%         3
 Vampiric Draining        Necr           0%         2d6       97%         3
 Anguish                  Hex/Necr       0%         N/A       100%        4
 Dispersal                Tloc           0%         N/A       100%        6
 Spider Form              Tmut/Pois      Unusable   N/A       N/A         3

Dungeon Overview and Level Annotations

Branches:
Dungeon (2/15)

Altars:

Shops:
D:2 ?


Innate Abilities, Weirdness & Mutations

You thrive by killing the living.
You are immune to poison.
You have sharp fingernails.
Your flesh is cold resistant. (rC+)
You are immune to negative energy. (rN+++)
You do not regenerate when monsters are visible.
You are immune to unholy pain and torment.


Message History

Things that are here:
a +0 club; a +0 ring mail; a +0 hand axe You barely miss something.
The orc completely misses you.
You hear some strange, mumbled words.
You are confused.
The orc hits you but does no damage. Something hits you but does no damage.
The orc attacks as you move away! The orc hits you but does no damage.
You're too confused to move!
You bump into the rock wall.
You're too confused to move!
The orc throws a boomerang.
The boomerang hits you. Something hits you but does no damage.
You bump into the rock wall.
Something hits you but does no damage.
You're too confused to move!
You feel less confused. Something hits you but does no damage.
The orc throws a boomerang.
The boomerang hits you.
You miss something. Something hits you.
You closely miss something.
The orc throws a boomerang.
Something hits you.
You scratch something.
The orc throws a boomerang.
The boomerang hits you. Something hits you.
You barely miss something. Something hits you but does no damage.
You closely miss something. Something hits you but does no damage.
You scratch something. Something hits you.
You closely miss something. Something hits you.
* * * LOW HITPOINT WARNING * * *
You barely miss something.
You hear some strange, mumbled words.
A puff of flame appears from out of thin air!
The puff of flame hits you!
* * * LOW HITPOINT WARNING * * *
You scratch something but do no damage. Something hits you.
* * * LOW HITPOINT WARNING * * *
An orc wizard appears from thin air!
Reactivating autopickup.
The orc wizard casts a spell at you. You resist with some effort.
The orc wizard points at you and mumbles some strange words.
The magic dart hits you!
You die...

#.# #.####### ## ##
#.......##### #. .#
#.#####..>..# .!#.
#.#####.###.##### ...
##.##.##..........
#.###..#...#.#...#####
##.#### #.##.............#
.......##.o..@.......#..#####
#.....).oo###......##......#
#.###.###.# #.#...####.###.#
#. #.# #.##.## #.###.## ..
#.###+#### #....... ##.
#.##...## #####.##
...###.#.....## ## #.#
.........).....## ##.##.#
....###.........####...#.##


You could see an orc wizard and 2 orcs.

Vanquished Creatures
  An adder (D:2)
  3 worms (D:2)
  2 dart slugs
  2 orcs (D:2)
  A bat (D:1)
  3 endoplasms
  6 goblins (D:1)
  4 hobgoblins
  3 quokkas
  4 ball pythons
  A frilled lizard (D:1)
  3 kobolds
  5 rats
38 creatures vanquished.

Notes
Turn   | Place    | Note
-------+----------+-------------------------------------------
     0 | D:1      | PaleWalker the Ghoul Monk began the quest for the Orb.
     0 | D:1      | Reached XP level 1. HP: 19/19 MP: 0/0
   122 | D:1      | You fall into a shaft and drop 1 floor!
   155 | D:1      | Reached XP level 2. HP: 19/26 MP: 1/1
   657 | D:1      | Reached XP level 3. HP: 29/33 MP: 2/2
   795 | D:2      | Found Qidoung's Magic Scroll Shoppe.
  1459 | D:2      | Reached XP level 4. HP: 40/40 MP: 3/3
  1462 | D:2      | Identified the +10 hand axe of Urexkuppo {holy, rPois SInv}
  1502 | D:2      | Killed from afar by an orc wizard

Illustrated notes

Levels and vault maps discovered:
D:1:      ncdulo_lavacross, layout_rooms
D:2:      layout_loops_corners, serial_shops, nicolae_shop_hallway_plus

Skill      XL: |  1  2  3 |
---------------+----------+-----
Unarmed Combat | 4 |  4.8
Fighting       | 4 |  4.0
Dodging        | |  2.6
Stealth        | |  2.1

Action                   |  1- 3 |  4- 6 || total
-------------------------+-------+-------++-------
Melee: Unarmed           |    94 |    18 ||   112
       Punch             |     4 |     1 ||     5
 Stab: Sleeping          |     2 |       ||     2
Armor: Robe              |     8 |       ||     8
       Ring mail         |     1 |    10 ||    11
Dodge: Dodged            |    53 |     6 ||    59

Table legend: (Time is in decaauts)
 A = Elapsed time spent in this place.
 B = Non-inter-level travel time spent in this place.
 C = Inter-level travel time spent in this place.
 D = Time resting spent in this place.
 E = Time spent auto-exploring this place.
 F = Levels seen in this place.
 G = Mean time per level.
                   A        B        C        D        E       F      G
               +--------+--------+--------+--------+--------+-----+--------+
         Total |   1493 |   1461 |     32 |      0 |   1157 |   2 |  746.5 |
       Dungeon |   1493 |   1461 |     32 |      0 |   1157 |   2 |  746.5 |
               +--------+--------+--------+--------+--------+-----+--------+

Top non-repeatable levels by time:
     D:1: 785 daAuts
     D:2: 708 daAuts
